 Dungeon Crawl Stone Soup version 0.27-a0-412-g8dd771eca2 (webtiles) character file.

Game seed: 390461513380396202

44012 Morbidden the Destroyer (level 13, -19/108 HPs)
             Began as a Demonspawn Conjurer on Feb 24, 2021.
             Was a High Priest of Vehumet.
             Shot with a bolt by a yaktaur (20 damage)
             ... on level 15 of the Dungeon.
             The game lasted 00:31:07 (19703 turns).

Morbidden the Destroyer (Demonspawn Conjurer)      Turns: 19703, Time: 00:31:08

Health: -19/108    AC: 21    Str:  7    XL:     13   Next: 93%
Magic:  37/47      EV: 13    Int: 26    God:    Vehumet [*****.]
Gold:   319        SH:  0    Dex: 11    Spells: 26/36 levels left

rFire    . . .     SeeInvis .   a - +3 dagger (freeze)
rCold    . . .     Faith    .   (no shield)
rNeg     . . .     Spirit   .   J - +4 troll leather armour
rPois    +         Reflect  .   (helmet restricted)
rElec    .         Harm     .   K - +2 cloak {rPois}
rCorr    .         Rampage  .   z - +2 pair of gloves {Stlth+}
Will     .....                  C - +2 pair of boots {Stlth+}
Stlth    ++++......             y - amulet of regeneration
HPRegen  2.28/turn              r - ring of magical power
MPRegen  0.30/turn              M - ring of magical power

@: no status effects
A: horns 2, rugged brown scales 3, foul stench 1, demonic magic 1
a: Renounce Religion


You were on level 15 of the Dungeon.
You worshipped Vehumet.
Vehumet was extremely pleased with you.
You visited 3 branches of the dungeon, and saw 17 of its levels.
You visited the Abyss 1 time.

You collected 829 gold pieces.
You spent 510 gold pieces at shops.

Inventory:

Hand Weapons
 a - a +3 dagger of freezing (weapon)
 F - the +9 arbalest of Recklessness {elec, rC- Int+4}
   (You found it on level 13 of the Dungeon)

   It charges the ammunition it shoots with electricity; occasionally upon a
   hit, such missiles may discharge and cause terrible harm.
   It affects your intelligence (+4).
   It makes you vulnerable to cold.
 R - a +6 long sword
Missiles
 G - 3 throwing nets
Armour
 v - a +0 kite shield
 z - a +2 pair of gloves of stealth (worn)
 C - a +2 pair of boots of stealth (worn)
 J - a +4 troll leather armour (worn)
 K - a +2 cloak of poison resistance (worn)
Jewellery
 r - a ring of magical power (left hand)
 y - an amulet of regeneration (around neck)
 I - a +4 ring of evasion
 M - a ring of magical power (right hand)
 N - a +4 ring of evasion
Wands
 e - a wand of polymorph (43)
 h - a wand of mindburst (18)
 B - a wand of digging (7)
 E - a wand of iceblast (8)
 Q - a wand of charming (9)
 S - a wand of random effects (15)
Scrolls
 b - 4 scrolls of amnesia {unknown}
 d - a scroll of magic mapping
 g - 5 scrolls of fog {unknown}
 i - 4 scrolls of immolation {unknown}
 j - 9 scrolls of teleportation {unknown}
 n - 3 scrolls of identify
 o - 7 scrolls of enchant weapon {unknown}
 t - a scroll of enchant armour
 H - 2 scrolls of fear
 P - a scroll of random uselessness {unknown}
Potions
 c - 4 potions of berserk rage
 f - 2 potions of mutation
 k - 6 potions of heal wounds
 l - 5 potions of magic
 m - 2 potions of attraction
 p - 4 potions of curing
 q - 3 potions of haste
 s - 2 potions of invisibility
 u - a potion of flight
 w - 5 potions of brilliance
 x - 4 potions of lignification
 A - a potion of resistance {unknown}
 O - 4 potions of might
Miscellaneous
 D - a condenser vane
 L - a lightning rod (4/4)


   Skills:
 * Level 9.4 Fighting
 + Level 3.0 Short Blades
 + Level 4.1 Armour
 + Level 4.6 Dodging
 + Level 7.1 Stealth
 + Level 0.7 Unarmed Combat
 * Level 12.0 Spellcasting
 * Level 13.3 Conjurations
 * Level 7.5 Translocations
 + Level 1.3 Air Magic
 + Level 0.7 Evocations


You had 26 spell levels left.
You knew the following spells:

 Your Spells              Type           Power        Failure   Level
a - Iskenderun's Mystic   Conj/Tloc      63%          1%          4
b - Searing Ray           Conj           100%         1%          2
x - Magic Dart            Conj           100%         0%          1
z - Static Discharge      Conj/Air       52%          1%          3

Your spell library contained the following spells:

 Spells                   Type           Power        Failure   Level
 Lee's Rapid Deconstruct  Erth           7%           36%         5
 Conjure Flame            Conj/Fire      50%          1%          3
 Dazzling Flash           Conj/Hex       100%         1%          3
 Fulminant Prism          Conj/Hex       25%          1%          4
 Yara's Violent Unravell  Hex/Tmut       7%           36%         5
 Cause Fear               Hex            7%           47%         4


Dungeon Overview and Level Annotations

Branches:
Dungeon (15/15)            Temple (0/1) D:6            Lair (1/6) D:10
    Orc (1/2) D:12         Vaults (0/5) D:14
 Depths: D:15

Altars:
Ashenzari
Hepliaklqana
Makhleb
Qazlal
Sif Muna
Trog
Vehumet
Wu Jian
Xom
Yredelemnul
Zin
Beogh

Shops:
D:7 *   D:8 *   D:13 [   D:14 (

Annotations:
D:4 3 runed translucent doors, exclusion: moth of wrath, TimeIsEndless's ghost, amateur DDFi


Innate Abilities, Weirdness & Mutations

You have a pair of horns on your head.
You are completely covered in rugged brown scales. (AC +3, +7% HP)
You may rarely emit foul miasma when damaged in melee.
Spells you cast may paralyse adjacent enemies.


Message History

The bullfrog hits you but does no damage.
Casting: Searing Ray (safe; 1% risk of failure)
Confirm with . or Enter, or press ? or * to list all spells.
You erupt in a blast of force!
The mystic blast hits the yaktaur.
The yaktaur is lightly wounded.
The mystic blast hits the yaktaur!
The yaktaur is moderately wounded.
The yaktaur is knocked back by the mystic blast.
The mystic blast hits the bullfrog!!
You kill the bullfrog!
Vehumet accepts your kill.
You feel your power returning.
The mystic blast hits the yaktaur!!
The yaktaur is moderately wounded.
The yaktaur is knocked back by the mystic blast.
Malevolent energies surge around you.
The yaktaur wields a +0 arbalest.
The yaktaur shoots a bolt.
The bolt hits you.
The yaktaur shoots a bolt.
The bolt hits you.
The yaktaur wields a +0 arbalest.
The yaktaur shoots a bolt.
The bolt hits you.
The yaktaur shoots a bolt.
The bolt hits you!!
Casting: Iskenderun's Mystic Blast (safe; 1% risk of failure)
Confirm with . or Enter, or press ? or * to list all spells.
You erupt in a blast of force!
The mystic blast hits the yaktaur!
The yaktaur is moderately wounded.
The yaktaur is knocked back by the mystic blast.
The yaktaur slams into the rock wall!
The mystic blast hits the yaktaur.
The yaktaur is heavily wounded.
Malevolent energies surge around you.
The yaktaur shoots a bolt.
The bolt hits you!
The yaktaur shoots a bolt.
The bolt hits you!!
* * * LOW HITPOINT WARNING * * *
Casting: Iskenderun's Mystic Blast (safe; 1% risk of failure)
Confirm with . or Enter, or press ? or * to list all spells.
You erupt in a blast of force!
The mystic blast hits the yaktaur!
The yaktaur is severely wounded.
The yaktaur is knocked back by the mystic blast.
Malevolent energies surge around you.
The yaktaur shoots a bolt.
The bolt hits you!
* * * LOW HITPOINT WARNING * * *
The yaktaur shoots a bolt.
The bolt hits you!!
You die...

######## #..../..
#......# #....cc#
#?..c..# .#
#.....°##########.#
#.....@...........#
#...........^.....#
#.................#
#.####.............
# #............#
#.....$......#
#............#
#............#
#............#


You could see 3 yaktaurs.

Vanquished Creatures
  Frances (D:12)
  Snorg (D:11)
  Harold (D:7)
  5 hydras
  Erolcha (D:11)
  3 boulder beetles
  A centaur warrior (D:13)
  2 two-headed ogres
  2 dancing weapons (D:14)
  3 unseen horrors
  Pikel (D:6)
  4 lindwurms (D:13)
  An orc knight (D:12)
  2 deep elf pyromancers
  3 manticores
  15 ugly things
  Maggie (D:7)
  A cane toad (Lair:1)
  A komodo dragon (D:14)
  Psyche (D:11)
  A queen bee (shapeshifter) (D:14)
  5 trolls
  3 meliai (D:14)
  A polar bear (Lair:1)
  2 meliai zombies
  5 slime creatures (D:12)
  21 yaks
  2 wraiths (D:12)
  A shadow (D:13)
  A water elemental (D:12)
  2 wyverns
  A steam dragon (D:8)
  A basilisk (D:14)
  5 vampire mosquitoes
  A warg (D:12)
  Menkaure (D:7)
  An acid dragon (D:14)
  A soldier ant (D:13)
  3 water moccasins
  2 sky beasts
  9 orc warriors
  A hornet zombie (D:7)
  7 ice beasts
  A black bear (shapeshifter) (D:14)
  11 ogres
  7 wolves
  A necrophage (D:11)
  12 centaurs
  2 lemures (D:6)
  2 phantoms (D:7)
  12 bullfrogs
  A gnoll sergeant (D:9)
  A wyvern skeleton (D:7)
  A water moccasin zombie (D:8)
  5 scorpions
  9 killer bees
  17 wights
  3 howler monkeys
  3 electric eels
  2 centaur zombies
  A quasit (D:9)
  A bullfrog zombie (D:9)
  4 bullfrog skeletons
  12 hounds
  4 jellies
  12 orc priests
  A gnoll shaman (D:5)
  2 centaur skeletons
  3 iguanas
  14 orc wizards
  10 worker ants
  A killer bee zombie (D:9)
  2 hound zombies
  A hound skeleton (D:11)
  23 gnolls
  2 howler monkey skeletons
  8 adders
  A shadow imp (D:5)
  A white imp (D:5)
  An ufetubus (D:6)
  2 adder skeletons
  An adder zombie (D:5)
  4 worms
  3 dart slugs
  5 leopard geckos
  56 orcs
  2 ball pythons
  4 giant cockroaches
  10 goblins
  5 hobgoblins
  3 jackals (D:1)
  5 kobolds
  2 quokkas
  4 bats
  9 frilled lizards
  A leopard gecko skeleton (D:6)
  A quokka skeleton (D:5)
  A quokka zombie (D:6)
  13 rats
  A spectral orc (D:9)
453 creatures vanquished.

Notes
Turn   | Place    | Note
-------+----------+-------------------------------------------
     0 | D:1      | Morbidden the Demonspawn Conjurer began the quest for the
                  | Orb.
     0 | D:1      | Reached XP level 1. HP: 13/13 MP: 3/3
   166 | D:1      | Gained mutation: You may rarely emit foul miasma when
                  | damaged in melee. [demonic ancestry]
   166 | D:1      | Reached XP level 2. HP: 19/19 MP: 0/5
   671 | D:2      | Learned a level 2 spell: Searing Ray
   776 | D:1      | Reached XP level 3. HP: 24/24 MP: 3/6
  1164 | D:1      | Reached skill level 5 in Conjurations
  1569 | D:1      | Reached XP level 4. HP: 21/30 MP: 0/7
  2077 | D:2      | Found a radiant altar of Vehumet.
  2097 | D:2      | Became a worshipper of Vehumet
  2802 | D:3      | Gained mutation: You have a pair of small horns on your
                  | head. [demonic ancestry]
  2802 | D:3      | Reached XP level 5. HP: 36/36 MP: 3/9
  3029 | D:3      | Reached skill level 1 in Fighting
  3261 | D:3      | Found a hazy altar of Hepliaklqana.
  3371 | D:3      | Reached skill level 1 in Armour
  4063 | D:4      | Gained mutation: Spells you cast may paralyse adjacent
                  | enemies. [demonic ancestry]
  4063 | D:4      | Reached XP level 6. HP: 28/44 MP: 0/10
  4328 | D:4      | Noticed TimeIsEndless's ghost (amateur DDFi)
  4328 | D:4      | Noticed an ice beast
  4400 | D:4      | Found a runed translucent gate.
  4400 | D:4      | Found a runed translucent gate.
  4400 | D:4      | Found a runed translucent gate.
  4416 | D:4      | Reached * piety under Vehumet
  4416 | D:4      | Offered knowledge of Foxfire by Vehumet.
  4676 | D:4      | Noticed a moth of wrath
  4679 | D:4      | Found a bloodstained altar of Trog.
  4896 | D:5      | Entered Level 5 of the Dungeon
  4901 | D:5      | Gained mutation: You have a pair of horns on your head.
                  | [demonic ancestry]
  4901 | D:5      | Reached XP level 7. HP: 51/51 MP: 12/12
  5047 | D:5      | Reached skill level 6 in Conjurations
  5108 | D:5      | Learned a level 4 spell: Iskenderun's Mystic Blast
  5663 | D:5      | Reached skill level 1 in Short Blades
  5976 | D:5      | Found a burning altar of Makhleb.
  5976 | D:5      | Noticed a green death
  6024 | D:5      | Reached XP level 8. HP: 34/58 MP: 14/14
  6211 | D:5      | Found a shimmering blue altar of Sif Muna.
  6318 | D:6      | Found a staircase to the Ecumenical Temple.
  6415 | D:6      | Offered knowledge of Sandblast by Vehumet.
  6468 | D:6      | Reached ** piety under Vehumet
  6483 | D:6      | Reached skill level 5 in Spellcasting
  6483 | D:6      | Reached skill level 7 in Conjurations
  6725 | D:6      | Reached XP level 9. HP: 65/65 MP: 13/17
  6999 | D:6      | Found a stormy altar of Qazlal.
  6999 | D:6      | Noticed Pikel
  7015 | D:6      | Killed Pikel
  7300 | D:6      | Offered knowledge of Static Discharge by Vehumet.
  7307 | D:6      | Learned a level 3 spell: Static Discharge
  7369 | D:6      | Reached skill level 8 in Conjurations
  7663 | D:6      | Reached skill level 5 in Fighting
  7863 | D:7      | Reached skill level 5 in Stealth
  7902 | D:7      | Noticed Menkaure
  7914 | D:7      | Killed Menkaure
  8021 | D:7      | Reached *** piety under Vehumet
  8369 | D:7      | Gained mutation: You are partially covered in rugged brown
                  | scales. (AC +1, +3% HP) [demonic ancestry]
  8369 | D:7      | Reached XP level 10. HP: 51/76 MP: 20/20
  8424 | D:7      | Found Rin Eph's Assorted Antiques.
  8429 | D:7      | Noticed Maggie
  8439 | D:7      | Killed Maggie
  8552 | D:7      | Noticed Harold
  8579 | D:7      | Killed Harold
  8580 | D:7      | Reached skill level 9 in Conjurations
  9071 | D:8      | Offered knowledge of Hailstorm by Vehumet.
  9177 | D:8      | Reached skill level 1 in Air Magic
  9271 | D:8      | Found Ogyomor's Serpentskin Sales.
  9281 | D:8      | Bought a +2 cloak of poison resistance for 240 gold pieces
  9349 | D:8      | Found a broken altar of Ashenzari.
  9352 | D:8      | Found an ornate altar of the Wu Jian Council.
  9498 | D:9      | Reached **** piety under Vehumet
  9697 | D:9      | Found a bloodstained altar of Trog.
  9820 | D:9      | Offered knowledge of Conjure Flame by Vehumet.
  9968 | D:9      | Found a basalt altar of Yredelemnul.
 10272 | D:9      | Found a glowing silver altar of Zin.
 10402 | D:10     | Entered Level 10 of the Dungeon
 10641 | D:10     | Found a staircase to the Lair.
 11429 | D:10     | Reached XP level 11. HP: 85/85 MP: 23/23
 11505 | D:10     | Found a staircase to the Lair.
 12037 | Lair:1   | Entered Level 1 of the Lair of Beasts
 12081 | D:11     | Found a shimmering altar of Xom.
 12081 | D:11     | Found a shimmering altar of Xom.
 12148 | D:11     | Noticed Psyche
 12178 | D:11     | Killed Psyche
 12179 | D:11     | Noticed Erolcha
 12184 | D:11     | Cast into level 2 of the Abyss (Erolcha)
 12246 | D:11     | Escaped the Abyss
 12254 | D:11     | Killed Erolcha
 12255 | D:11     | Reached skill level 10 in Conjurations
 12368 | D:11     | Found a shimmering altar of Xom.
 12368 | D:11     | Found a shimmering altar of Xom.
 12369 | D:11     | Found a shimmering altar of Xom.
 12369 | D:11     | Found a shimmering altar of Xom.
 12373 | D:11     | Found a shimmering altar of Xom.
 12379 | D:11     | Identified the Almanac of Enchanting Combat Magic
 12397 | D:11     | Reached skill level 1 in Translocations
 13027 | D:11     | Noticed Snorg
 13050 | D:11     | Killed Snorg
 13211 | D:11     | Noticed a boulder beetle
 13224 | D:11     | Killed a boulder beetle
 13729 | D:11     | Identified a scroll of acquirement
 13729 | D:11     | Acquired a +2 pair of gloves of stealth
 13818 | D:12     | Noticed a five-headed hydra
 13844 | D:12     | Killed a five-headed hydra
 13845 | D:12     | Reached skill level 11 in Conjurations
 13913 | D:12     | Noticed a four-headed hydra
 13925 | D:12     | Killed a four-headed hydra
 13926 | D:12     | Gained mutation: You are mostly covered in rugged brown
                  | scales. (AC +2, +5% HP) [demonic ancestry]
 13926 | D:12     | Reached XP level 12. HP: 71/95 MP: 25/25
 14465 | D:12     | Noticed Frances
 14472 | D:12     | Noticed an eight-headed hydra
 14488 | D:12     | Killed Frances
 14488 | D:12     | Killed an eight-headed hydra
 14507 | D:12     | Got a fine hand crossbow
 14508 | D:12     | Identified the +5 hand crossbow of the Rattlesnake {vorpal,
                  | rF- rN+ Stlth+} (You found it on level 12 of the Dungeon)
 14706 | D:12     | Reached ***** piety under Vehumet
 14706 | D:12     | Offered knowledge of Eringya's Noxious Bog by Vehumet.
 14707 | D:12     | Reached skill level 10 in Spellcasting
 14719 | D:12     | Reached skill level 5 in Translocations
 14918 | D:12     | Noticed a two-headed ogre
 14928 | D:12     | Killed a two-headed ogre
 15001 | D:12     | Found a staircase to the Orcish Mines.
 15539 | Orc:1    | Entered Level 1 of the Orcish Mines
 15674 | Orc:1    | Reached skill level 12 in Conjurations
 15827 | Orc:1    | Found a roughly hewn altar of Beogh.
 16303 | D:13     | Noticed a boulder beetle
 16335 | D:13     | Killed a boulder beetle
 16619 | D:13     | Noticed an eight-headed hydra
 16631 | D:13     | Killed an eight-headed hydra
 16831 | D:13     | Found Ucwan's Antique Armour Shop.
 16845 | D:13     | Bought a pair of runed boots for 270 gold pieces
 16868 | D:13     | Noticed a centaur warrior
 16884 | D:13     | Killed a centaur warrior
 17036 | D:13     | Gained mutation: You are completely covered in rugged brown
                  | scales. (AC +3, +7% HP) [demonic ancestry]
 17036 | D:13     | Reached XP level 13. HP: 98/105 MP: 27/27
 17104 | D:13     | Got a slimy arbalest
 17128 | D:13     | Identified the +9 arbalest of Recklessness {elec, rC-
                  | Int+4} (You found it on level 13 of the Dungeon)
 17175 | D:14     | Found Tiopp's Antique Weapon Emporium.
 17250 | D:14     | Offered knowledge of Lee's Rapid Deconstruction by Vehumet.
 18005 | D:14     | Found a gate to the Vaults.
 18028 | D:14     | Reached skill level 13 in Conjurations
 18899 | D:14     | Got a polished chain mail
 18910 | D:14     | Identified the +4 chain mail of Rezxo {Int+5} (You found it
                  | on level 14 of the Dungeon)
 19579 | D:15     | Entered Level 15 of the Dungeon
 19703 | D:15     | HP: 1/108 [yaktaur/bolt (12)]
 19703 | D:15     | Shot with a bolt by a yaktaur

Illustrated notes

Levels and vault maps discovered:
D:1:      tarquinn_simple_flora_water_d, layout_basic
D:2:      layout_loops_cross, vehumet_crystals
D:3:      layout_loops_ring, nzn_hepliaklqana_mist_gate
D:4:      layout_rooms, gammafunk_ghost_icy, chequers_serial_rivers_micro_d,
          chequers_hall_statues_corner_a, tgw_trog
D:5:      layout_basic, lemuel_blue_sif_altar, makhleb_altar_promises_db
D:6:      minmay_thinvault, layout_gridville, nicolae_qazlal_general_emergency,
          minmay_temple_entry_statues_pillars, uniq_pikel
D:7:      layout_basic, serial_shops, shop_fountains, uniq_harold, uniq_maggie,
          uniq_menkaure
D:8:      erik_cavepeople, layout_rooms, nicolae_overflow_hidden_temple,
          gammafunk_ghost_hydra_chop, guppyfry_shop_venom
D:9:      layout_basic, yredelemnul_forgotten_temple_becter, zin_academy,
          kennysheep_mini, hangedman_abyss_or_decor_jellyfish_corner
D:10:     layout_stronghold, erik_lair_island
D:11:     layout_basic, xom_shifter_show, uniq_erolcha, uniq_snorg, uniq_psyche
D:12:     layout_irregular_city, david_orc_3, lightli_minifort, uniq_frances
D:13:     layout_basic, serial_shops, nicolae_shop_window_shopping,
          minmay_lindwurm_lava
D:14:     layout_layer_cave, erik_vaults_1, serial_shops, shop_fountains,
          kennysheep_generic_room_2
D:15:     hangedman_depths_entry_civil_slaughter, layout_small_grid,
          serial_shops, shop, chequers_serial_rivers_room_a, minivault_8
Lair:1:   layout_gridlike, basic_altar, gammafunk_ghost_hydra_chop,
          disabler_island
Orc:1:    layout_caves, basic_altar

Skill      XL: |  1  2  3  4  5  6  7  8  9 10 11 12 13 |
---------------+----------------------------------------+-----
Conjurations   | 5 6 7 8 9 11 12 13 | 13.3
Fighting       | 1 2 3 4 5 6 7 8 9 |  9.4
Armour         | 1 2 3 4 |  4.1
Dodging        | 2 3 4 |  4.6
Spellcasting   | 3 4 5 7 8 9 10 12 | 12.0
Stealth        | 2 3 4 5 6 7 |  7.1
Short Blades   | 1 2 3 |  3.0
Air Magic      | 1 |  1.3
Translocations | 3 6 7 |  7.5
Unarmed Combat | |  0.7
Evocations     | |  0.7

Action                   |  1- 3 |  4- 6 |  7- 9 | 10-12 | 13-15 || total
-------------------------+-------+-------+-------+-------+-------++-------
Melee: Unarmed           |     1 |    26 |       |       |       ||    27
       Headbutt          |       |     2 |    12 |    18 |     4 ||    36
       Dagger            |       |    13 |    75 |   139 |    45 ||   272
       Punch             |       |       |     1 |       |       ||     1
 Cast: Magic Dart        |    62 |    69 |   103 |    79 |    24 ||   337
       Searing Ray       |     2 |    33 |    55 |    58 |     4 ||   152
       Static Discharge  |       |       |    12 |    18 |     1 ||    31
       Iskenderun's Myst |       |       |     1 |   257 |    98 ||   356
Evoke: Wand              |       |       |       |     5 |     5 ||    10
  Use: Scroll            |       |       |       |    11 |    11 ||    22
       Potion            |       |       |       |       |     1 ||     1
 Stab: Paralysed         |       |     8 |    15 |    15 |     3 ||    41
       Sleeping          |       |       |       |     6 |     2 ||     8
Armor: Robe              |     2 |       |       |       |       ||     2
       Leather armour    |     4 |    19 |    22 |       |       ||    45
       Steam dragon scal |       |       |       |    46 |       ||    46
       Troll leather arm |       |       |       |    93 |    64 ||   157
Dodge: Dodged            |    11 |    39 |    82 |   217 |    38 ||   387

Table legend: (Time is in decaauts)
 A = Elapsed time spent in this place.
 B = Non-inter-level travel time spent in this place.
 C = Inter-level travel time spent in this place.
 D = Time resting spent in this place.
 E = Time spent auto-exploring this place.
 F = Levels seen in this place.
 G = Mean time per level.
                   A        B        C        D        E       F      G
               +--------+--------+--------+--------+--------+-----+--------+
         Total |  19672 |  19093 |    579 |    548 |  15361 |  18 | 1092.9 |
       Dungeon |  19181 |  18617 |    564 |    548 |  14981 |  15 | 1278.7 |
          Lair |     22 |     22 |      0 |      0 |      0 |   1 |   22.0 |
  Orcish Mines |    406 |    391 |     15 |      0 |    325 |   1 |  406.0 |
         Abyss |     61 |     61 |      0 |      0 |     55 |   1 |   61.0 |
               +--------+--------+--------+--------+--------+-----+--------+

Top non-repeatable levels by time:
    D:14: 2138 daAuts
    D:12: 1735 daAuts
    D:11: 1674 daAuts
    D:10: 1664 daAuts
     D:3: 1593 daAuts
     D:6: 1577 daAuts
    D:13: 1457 daAuts
     D:5: 1375 daAuts
     D:2: 1281 daAuts
     D:1: 1256 daAuts
     D:7: 1107 daAuts
     D:9: 988 daAuts
     D:4: 769 daAuts
     D:8: 438 daAuts
   Orc:1: 406 daAuts
